 Dungeon Crawl Stone Soup version 0.30.0-30-g96aa6591b8 (webtiles) character file.

Game seed: 18043351209782607224

85 cheesebisquit the Magician (level 4, -1/32 HPs)
             Began as a Djinni Air Elementalist on June 27, 2023.
             Slain by Natasha (8 damage)
             ... on level 2 of the Dungeon.
             The game lasted 00:04:39 (2255 turns).

cheesebisquit the Magician (DjAE)                   Turns: 2255, Time: 00:04:39

Health: -1/32      AC:  2    Str:  7    XL:     4   Next: 75%
Gold:   106        EV: 12    Int: 19    God:
                   SH:  0    Dex: 19

rFire   + + .        (no weapon)
rCold   x . .        (no shield)
rNeg    . . .        a - +0 robe
rPois   ∞            (no helmet)
rElec   .            (no cloak)
rCorr   .            (no gloves)
SInv    .            (boots unavailable)
Will    .....        (no amulet)
Stlth   ++           c - +6 ring of dexterity
HPRegen 0.25/turn    (no ring)
MPRegen 0.00/turn

%: infuse magic (-2 HP)
@: brilliant, flying, slowed, very slow
A: sickness immunity, fire resistance 2, cold vulnerability 1, float, innate
caster, HP casting, extra vitality 1
a: no special abilities


You were on level 2 of the Dungeon.
You visited 1 branch of the dungeon, and saw 3 of its levels.

You collected 106 gold pieces.

Inventory:

Armour
 a - a +0 robe (worn)
Jewellery
 c - a +6 ring of dexterity (left hand)
Scrolls
 b - a scroll of amnesia {unknown}
 e - a scroll of vulnerability {unknown}
 g - 2 scrolls of blinking {unknown}
 h - a scroll of poison {unknown}
Potions
 d - a potion of lignification {unknown}
 f - a potion of brilliance
 i - a potion of flight {unknown}
 j - a potion of heal wounds {unknown}
 k - a potion of cancellation {unknown}


   Skills:
 - Level 1.5 Fighting
 - Level 2.1 Dodging
 - Level 1.5 Stealth
 + Level 3.7 Spellcasting


You knew the following spells:

 Your Spells              Type           Power      Damage    Failure   Level
a - Shock                 Conj/Air       100%       1d9       3%          1
b - Static Discharge      Conj/Air       52%        2-5/arc   4%          2
c - Swiftness             Air            26%        N/A       9%          3
d - Airstrike             Air            13%        2d(2-18)  30%         4
e - Sting                 Tmut/Pois      100%       1d8       3%          1
Your spell library was empty.

Dungeon Overview and Level Annotations

Branches:
Dungeon (3/15)

Altars:

Annotations:
D:2 Natasha


Innate Abilities, Weirdness & Mutations

You are immune to sickness and miasma.
You are immune to poison.
Your flesh is very heat resistant. (rF++)
You are vulnerable to cold. (rC-)
You float through the air rather than walking.
You learn spells naturally, not from books.
Your magical power is your life essence.
You have superior vitality. (+4 MHP)


Message History

The sting misses Natasha.
Natasha barely misses you. Natasha claws you.
Casting: Sting (safe; 3% risk of failure)
Confirm with . or Enter, or press ? or * to list all spells.
Aiming: Sting (safe; 3% risk of failure)
Press: ? - help, Shift-Dir - straight line, f/p - Natasha
Aim: Natasha, carrying a wand of flame (13) (67% to hit)
The sting misses Natasha.
Natasha zaps a wand.
The puff of flame hits you. You resist.
Casting: Sting (safe; 3% risk of failure)
Confirm with . or Enter, or press ? or * to list all spells.
Aiming: Sting (safe; 3% risk of failure)
Press: ? - help, Shift-Dir - straight line, f/p - Natasha
Aim: Natasha, carrying a wand of flame (12) (67% to hit)
The sting hits Natasha.
Natasha is poisoned.
Natasha is lightly wounded.
Natasha casts a spell at you. The magic dart hits you!
Natasha closely misses you.
You are too injured to fight recklessly!
Casting: Sting (safe; 3% risk of failure)
Confirm with . or Enter, or press ? or * to list all spells.
Aiming: Sting (safe; 3% risk of failure)
Press: ? - help, Shift-Dir - straight line, f/p - Natasha
Aim: Natasha, carrying a wand of flame (12) (moderately wounded, poisoned, 67% to hit)
The sting hits Natasha.
Natasha looks even sicker.
Natasha is heavily wounded.
Natasha claws you.
* * * LOW HITPOINT WARNING * * *
It was a potion of brilliance.
You feel clever all of a sudden. Natasha closely misses you.
Natasha barely misses you.
Casting: Sting (safe; 3% risk of failure)
Confirm with . or Enter, or press ? or * to list all spells.
Aiming: Sting (safe; 3% risk of failure)
Press: ? - help, Shift-Dir - straight line, f/p - Natasha
Aim: Natasha, carrying a wand of flame (12) (severely wounded, very poisoned, 72% to hit)
You feel a surge of power!
The sting hits Natasha.
Natasha looks even sicker.
Natasha is severely wounded.
* * * LOW HITPOINT WARNING * * *
Natasha claws you!
You die...

##'#### #.#.#.##.####... #.....##
#.#............. #...#..###
#.#.#.##.#.####~ #...#....##
#.#.#.#......[P~ #...#.....#
#.#...........~~ #...#...#)###
#.#..########.♣~ #...#####...#
#...## #.♣~
#...#######.######...#########.♣~
................@h..............♣
.###################.........#...
.#....[..............#######.#..♣
.#.############........# #.#.#♣
.#.# ####### #........# #.#...
.#.# #.....# #........# #.....
.#.# #.....# #........##########
♣♣~♣###.....# ######...........#.
~~♣~~♣#.....# #...............


You could see Natasha (very poisoned).

Vanquished Creatures
  Terence (D:2)
  2 adders (D:2)
  A worm (D:2)
  2 dart slugs (D:1)
  7 ball pythons
  An endoplasm (D:1)
  2 giant cockroaches (D:1)
  4 goblins
  3 hobgoblins
  3 jackals (D:1)
  3 bats (D:1)
  2 frilled lizards (D:1)
  2 kobolds (D:1)
  3 rats
36 creatures vanquished.

Notes
Turn   | Place    | Note
-------+----------+-------------------------------------------
     0 | D:1      | cheesebisquit the Djinni Air Elementalist began the quest
                  | for the Orb.
     0 | D:1      | cheesebisquit set off with the following spells memorised:
                  | Shock, Static Discharge, Swiftness, Airstrike.
     0 | D:1      | Reached XP level 1. HP: 15/15 MP: 0/0
   232 | D:1      | Reached skill level 1 in Fighting
   232 | D:1      | Reached XP level 2. HP: 17/22 MP: 0/0
   531 | D:1      | Reached XP level 3. HP: 26/27 MP: 0/0
   531 | D:1      | Learned a level 1 spell: Sting
   881 | D:1      | Reached skill level 3 in Spellcasting
   996 | D:2      | Noticed Terence
  1011 | D:2      | Killed Terence
  1012 | D:2      | Reached XP level 4. HP: 4/32 MP: 0/0
  2240 | D:3      | Found a faded altar of an unknown god.
  2241 | D:3      | Noticed Natasha
  2255 | D:2      | Slain by Natasha

Illustrated notes

Levels and vault maps discovered:
D:1:      minmay_arrival_checkered_box, layout_basic,
          dreamdust_mushroom_princess, minivault_14, kennysheep_boxes
D:2:      layout_basic, serial_bayou, serial_bayou_lagoon_b,
          serial_bayou_shore_a, serial_bayou_shore_b, serial_bayou_lake_a,
          uniq_terence
D:3:      layout_loops_ring, mainiacjoe_overflow_catch_the_wave,
          nemelex_spade_bored_becter, nicolae_ecumenical_pavilion,
          minmay_randomly_rotated_circles, uniq_natasha

Skill      XL: |  1  2  3 |
---------------+----------+-----
Fighting       | 1 |  1.5
Spellcasting   | 3 |  3.7
Dodging        | |  2.1
Stealth        | |  1.5

Action                     |  1- 3 |  4- 6 || total
---------------------------+-------+-------++-------
  Melee: Unarmed           |     3 |       ||     3
   Cast: Shock             |    71 |    29 ||   100
         Sting             |       |    12 ||    12
    Use: Potion            |     1 |     1 ||     2
 Armour: Robe              |     9 |     1 ||    10
  Dodge: Dodged            |     4 |     8 ||    12
